 Dungeon Crawl Stone Soup version 0.24-a0-516-g9de272bb65 (webtiles) character file.

Game seed: 4836187971153646374

16131 Greboboi the Severer (level 12, -3/96 HPs)
             Began as a Minotaur Fighter on July 22, 2019.
             Was a High Priest of Trog.
             Slain by an ogre mage
             ... wielding a cursed +0 halberd
              (7 damage)
             ... on level 13 of the Dungeon.
             The game lasted 00:44:27 (12697 turns).

Greboboi the Severer (Minotaur Fighter)            Turns: 12697, Time: 00:44:28

Health: -3/96      AC: 20    Str: 22    XL:     12   Next: 7%
Magic:  2/2        EV: 10    Int: 15    God:    Trog [*****.]
Gold:   606        SH: 13    Dex: 14    Spells: 11/11 levels left

rFire    . . .     SeeInvis .   P - +2 war axe (vamp)
rCold    + . .     Gourm    .   c - +0 shield
rNeg     . . .     Faith    +   u - +1 chain mail of Jevesh {+Blink rF+ rCorr MP-9}
rPois    .         Spirit   .   (helmet restricted)
rElec    .         Reflect  .   G - +0 cloak
rCorr    +         Harm     .   x - +0 pair of gloves
MR       .....                  A - +1 pair of boots of Tomorrow {Int+10 Slay-3}
Stlth    ..........             b - amulet of faith
HPRegen  0.26/turn              g - ring of ice
MPRegen  0.08/turn              t - +4 ring of protection

@: lethally poisoned (-3 -> -5)
A: retaliatory headbutt, horns 2
a: Berserk, Trog's Hand, Brothers in Arms, Renounce Religion, Evoke Blink


You were on level 13 of the Dungeon.
You worshipped Trog.
Trog was extremely pleased with you.
You were not hungry.

You visited 2 branches of the dungeon, and saw 14 of its levels.
You also visited: Bailey.

You collected 862 gold pieces.
You spent 256 gold pieces at shops.

Inventory:

Hand Weapons
 l - the cursed +2 long sword "Mowes" {flame, MR+ Dex+4}
   (You found it on level 5 of the Dungeon)

   It has been specially enchanted to burn those struck by it, causing extra
   injury to most foes and up to half again as much damage against particularly
   susceptible opponents.
   Big, fiery blades are also staple armaments of hydra-hunters.
   It affects your dexterity (+4).
   It affects your resistance to hostile enchantments.
   It has a curse placed upon it.
 r - a +0 broad axe
 H - a +2 dire flail of holy wrath
 I - a +1 shortbow of velocity
 M - a cursed -2 halberd
 P - a +2 vampiric war axe (weapon)
Missiles
 J - 288 arrows
Armour
 c - a +0 shield (worn)
 u - the +1 chain mail of Jevesh (worn) {+Blink rF+ rCorr MP-9}
   (You found it on level 4 of the Dungeon)

   It protects you from fire.
   It affects your magic capacity (-9).
   It lets you blink.
   It provides partial protection from all sources of acid and corrosion.
 x - a +0 pair of gloves (worn)
 A - the +1 pair of boots of Tomorrow (worn) {Int+10 Slay-3}
   (You bought it in a shop on level 5 of the Dungeon)

   It affects your intelligence (+10).
   It affects your accuracy and damage with ranged weapons and melee attacks
   (-3).
 G - a +0 cloak (worn)
 T - a +3 ring mail of positive energy
Jewellery
 b - an amulet of faith (around neck)
 g - a ring of ice (left hand)
 t - a +4 ring of protection (right hand)
 y - an uncursed ring of resist corrosion
 N - a +5 ring of evasion {unknown}
Wands
 d - a wand of scattershot (3)
 n - a wand of flame (24)
 o - a wand of iceblast (5)
 s - a wand of acid (7)
 C - a wand of disintegration (31)
 K - a wand of random effects (14)
 L - a wand of enslavement (7)
Scrolls
 e - 4 scrolls of remove curse
 h - 6 scrolls of teleportation {unknown}
 m - 4 scrolls of identify
 p - a scroll of enchant armour {unknown}
 z - a scroll of random uselessness {unknown}
 D - a scroll of blinking {unknown}
 E - 2 scrolls of immolation {unknown}
 F - a scroll of fear {unknown}
 O - a scroll of vulnerability {unknown}
 R - 2 scrolls of amnesia {unknown}
Potions
 a - 8 potions of curing
 i - a potion of haste
 j - a potion of heal wounds
 k - 5 potions of lignification
 q - a potion of cancellation
 v - 2 potions of ambrosia
 w - a potion of brilliance
 B - a potion of agility
 Q - 3 potions of resistance
 S - a potion of degeneration {unknown}
Comestibles
 f - 22 rations


   Skills:
 + Level 6.3 Fighting
 - Level 16.0 Axes
 + Level 6.2 Armour
 - Level 5.0 Dodging
 - Level 0.9 Stealth
 + Level 13.7 Shields


You had 11 spell levels left.
You didn't know any spells.
Your spell library was empty.

Dungeon Overview and Level Annotations

Branches:
Dungeon (13/15)            Temple (1/1) D:4            Lair (0/6) D:10
    Orc (0/2) D:12         Vaults (0/5) D:13

Altars:
Ashenzari
Cheibriados
Dithmenos
Elyvilon
Fedhas
Gozag
Hepliaklqana
Kikubaaqudgha
Makhleb
Nemelex Xobeh
Okawaru
Qazlal
Ru
Sif Muna
Trog
Uskayaw
Vehumet
Wu Jian
Xom
Yredelemnul
Zin
The Shining One

Shops:
D:5 [=[*   D:7 [


Innate Abilities, Weirdness & Mutations

You reflexively headbutt those who attack you in melee.
You have a pair of horns on your head.


Message History

You hit the death knight.
You feel better.
The death knight is almost dead.
You hit the death knight but do no damage.
The death knight is almost dead.
You feel sick. Something hits you but does no damage.
The death knight offers itself to Yredelemnul, and fills with unholy energy.
You hit the death knight.
You feel better.
Your headbutt misses the death knight.
The death knight is almost dead.
The death knight reflects your damage back at you!
You block something's attack.
You closely miss the death knight.
The death knight is almost dead.
You feel sick.
The death knight hits you with a +0 broad axe!!
* * * LOW HITPOINT WARNING * * *
You closely miss the death knight.
The death knight is almost dead.
Something hits you!
You die...

#..........####
######.#........#
#...............#
#.#########.....#
#.#|)}<}(=#...###
#.........l...#
#.#.... ..#...#
#{#########...#
#..@plD.......#
######........#
###......#
....... .......
....... #######


You could see a death knight, a basilisk and an acid dragon.

Vanquished Creatures
  An ironheart preserver (D:13)
  The ghost of hemabe the Covert, a journeyman HuAr of Trog (D:10)
  An unseen horror (D:13)
  An orc knight (Bailey)
  4 ugly things
  A cyclops (D:11)
  Joseph (D:10)
  Maurice (D:8)
  A centaur skeleton (D:13)
  A troll (D:12)
  6 hippogriffs
  A shadow (D:13)
  12 yaks
  A spriggan (D:11)
  A vampire (D:13)
  A wraith (D:12)
  A black bear (D:9)
  8 orc warriors
  6 ice beasts
  5 sky beasts
  A phantom (D:6)
  2 necrophages (D:8)
  8 ogres
  12 centaurs
  A crocodile (D:13)
  Blork the orc (D:4)
  A big kobold (D:8)
  5 bullfrogs
  A wyvern zombie (D:7)
  A water moccasin skeleton (D:10)
  12 wights
  3 howler monkeys
  4 crimson imps
  A quasit (D:8)
  A bullfrog zombie (D:13)
  6 hounds
  10 orc priests
  2 jellies
  6 iguanas
  11 orc wizards
  14 worker ants
  2 hound zombies
  2 hound skeletons (D:10)
  A worker ant zombie (D:10)
  9 adders
  A shadow imp (D:10)
  2 oozes
  3 adder skeletons
  3 adder zombies (D:4)
  3 worms
  5 leopard geckos
  39 orcs
  2 ball pythons (D:1)
  5 giant cockroaches
  8 goblins
  8 hobgoblins
  9 jackals
  8 quokkas
  7 bats
  3 frilled lizards
  10 kobolds
  A leopard gecko skeleton (D:4)
  A quokka skeleton (D:4)
  A quokka zombie (D:4)
  7 rats
298 creatures vanquished.

Vanquished Creatures (collateral kills)
  An orc wizard (D:13)
  An orc (D:13)
2 creatures vanquished.

Grand Total: 300 creatures vanquished

Notes
Turn   | Place    | Note
-------+----------+-------------------------------------------
     0 | D:1      | Greboboi the Minotaur Fighter began the quest for the Orb.
     0 | D:1      | Reached XP level 1. HP: 19/19 MP: 0/0
   219 | D:1      | Reached XP level 2. HP: 15/27 MP: 1/1
   711 | D:2      | Reached skill level 1 in Dodging
   862 | D:2      | Reached XP level 3. HP: 33/33 MP: 2/2
  1255 | D:2      | Reached skill level 3 in Axes
  1507 | D:3      | Reached XP level 4. HP: 39/40 MP: 3/3
  1700 | D:3      | Reached skill level 4 in Axes
  1700 | D:3      | Reached XP level 5. HP: 14/47 MP: 4/4
  2157 | D:3      | Found a burning altar of Makhleb.
  2381 | D:4      | Noticed Blork the orc
  2391 | D:4      | Killed Blork the orc
  2396 | D:4      | Reached XP level 6. HP: 15/53 MP: 5/5
  2787 | D:4      | Found a staircase to the Ecumenical Temple.
  2794 | Temple   | Entered the Ecumenical Temple
  3044 | Temple   | Became a worshipper of Trog the Wrathful
  3096 | D:4      | Reached skill level 5 in Axes
  3684 | D:4      | Got a jewelled chain mail
  3695 | D:4      | Identified the cursed +1 chain mail of Jevesh {+Blink rF+
                  | rCorr MP-9} (You found it on level 4 of the Dungeon)
  3964 | D:5      | Entered Level 5 of the Dungeon
  4059 | D:5      | Reached skill level 6 in Axes
  4095 | D:5      | Noticed an ice beast
  4104 | D:5      | Killed an ice beast
  4104 | D:5      | Reached skill level 5 in Armour
  4104 | D:5      | Reached XP level 7. HP: 56/60 MP: 0/6
  4119 | D:5      | Found Rimenwuf's Antique Armour Shoppe.
  4129 | D:5      | Bought a pair of distressingly furry boots for 256 gold
                  | pieces
  4134 | D:5      | Identified the +1 pair of boots of Tomorrow {Int+10 Slay-3}
                  | (You bought it in a shop on level 5 of the Dungeon)
  4149 | D:5      | Reached skill level 5 in Fighting
  4236 | D:5      | Found Cuugoen's Jewellery Shoppe.
  4286 | D:5      | Got an iridescent long sword
  4290 | D:5      | Identified the cursed +2 long sword "Mowes" {flame, MR+
                  | Dex+4} (You found it on level 5 of the Dungeon)
  4316 | D:5      | Reached skill level 7 in Axes
  4316 | D:5      | Reached skill level 5 in Shields
  4509 | D:5      | Found Lixt's Armour Shop.
  4613 | D:5      | Reached * piety under Trog
  4625 | D:5      | Found Muec Ine's Assorted Antiques.
  4976 | D:6      | Noticed a hippogriff
  4983 | D:6      | Killed a hippogriff
  4983 | D:6      | Reached skill level 8 in Axes
  4983 | D:6      | Reached XP level 8. HP: 68/68 MP: 0/7
  5228 | D:6      | Reached skill level 9 in Axes
  5544 | D:7      | Found Ehitsipo's Armour Shoppe.
  6001 | D:7      | Reached skill level 10 in Axes
  6577 | D:8      | Reached XP level 9. HP: 74/74 MP: 0/8
  6620 | D:8      | Found an opulent altar of Gozag.
  6818 | D:8      | Reached ** piety under Trog
  6822 | D:8      | Reached skill level 11 in Axes
  7290 | D:8      | Noticed a brown ugly thing
  7306 | D:8      | Noticed Maurice
  7310 | D:8      | Killed a brown ugly thing
  7310 | D:8      | Reached skill level 12 in Axes
  7328 | D:8      | Killed Maurice
  7893 | D:9      | Found a flagged portal.
  7924 | D:9      | Reached skill level 13 in Axes
  7998 | D:9      | Reached XP level 10. HP: 66/79 MP: 0/9
  8025 | D:9      | Noticed a white ugly thing
  8040 | D:9      | Killed a white ugly thing
  8040 | D:9      | Reached *** piety under Trog
  8522 | Bailey   | Entered a bailey
  8718 | Bailey   | Noticed an orc knight
  8737 | Bailey   | Killed an orc knight
  8789 | D:10     | Entered Level 10 of the Dungeon
  8789 | D:10     | Noticed Joseph
  8839 | D:10     | Killed Joseph
  8839 | D:10     | Reached skill level 10 in Shields
  9050 | D:10     | Gained mutation: You are weak. (Str -2) [potion of
                  | mutation]
  9050 | D:10     | Lost mutation: You are weak. (Str -2) [potion of mutation]
  9099 | D:10     | Found a runed translucent door.
  9099 | D:10     | Noticed hemabe's ghost (journeyman HuAr)
  9113 | D:10     | Reached skill level 14 in Axes
  9152 | D:10     | Found a staircase to the Lair.
  9197 | D:10     | Killed hemabe's ghost
  9197 | D:10     | Reached **** piety under Trog
  9457 | D:10     | Reached XP level 11. HP: 82/84 MP: 1/10
  9843 | D:10     | Reached skill level 15 in Axes
 10245 | D:11     | Reached skill level 5 in Dodging
 10363 | D:11     | Noticed a white ugly thing
 10377 | D:11     | Killed a white ugly thing
 10398 | D:11     | Reached ***** piety under Trog
 11334 | D:12     | Found a staircase to the Orcish Mines.
 11367 | D:12     | Reached skill level 16 in Axes
 12112 | D:13     | Noticed a green ugly thing
 12132 | D:13     | Killed a green ugly thing
 12404 | D:13     | Found a gate to the Vaults.
 12404 | D:13     | Noticed an ironheart preserver
 12436 | D:13     | Killed an ironheart preserver
 12436 | D:13     | Reached XP level 12. HP: 55/94 MP: 2/11
 12663 | D:13     | Noticed a deep troll earth mage
 12664 | D:13     | Noticed an ogre mage
 12667 | D:13     | Noticed a death knight
 12696 | D:13     | HP: 4/96 [death knight/+0 broad axe (22)]
 12697 | D:13     | Slain by an ogre mage

Levels and vault maps discovered:
D:1:      dpeg_arrival_rooms_with_view, layout_rooms
D:2:      layout_loops_ring, minmay_misc_feat_cross,
          chequers_serial_rivers_large_b
D:3:      layout_basic, makhleb_blood_cavern_becter
D:4:      layout_loops_corners, minmay_temple_entry_drinking_statues,
          first_ration, serial_undead, serial_undead_a, serial_undead_b,
          serial_undead_e, serial_undead_d, uniq_blork_the_orc
D:5:      layout_loops_ring, serial_shops, kennysheep_mini_moat,
          kennysheep_little_box, shop, shop_fountains, minmay_misc_feat_hallway
D:6:      layout_loops_ring
D:7:      minmay_klotski, layout_loops_corners, serial_shops, shop
D:8:      cheibrodos_elevator_heist, layout_loops_corners,
          grunt_gozag_breadcrumbs, uniq_maurice
D:9:      layout_irregular_city, enter_bailey_3
D:10:     kennysheep_blocky_room, layout_long_grid, lair_entry_dummy,
          gammafunk_ghost_grave, uniq_joseph
D:11:     layout_basic, the_bakery
D:12:     layout_loops_corners, david_orc_3
D:13:     layout_irregular_city, skrybe_vaults_entry_preservation,
          onia_ninara_dug_in_and_dangerous, uniq_josephine
Temple:   roderic_octagonal_lattice_temple

Skill      XL: |  1  2  3  4  5  6  7  8  9 10 11 12 |
---------------+-------------------------------------+-----
Fighting       | 4 5 6 |  6.3
Dodging        | 1 2 3 4 5 |  5.0
Armour         | 4 5 6 |  6.2
Axes           | 3 4 6 8 10 13 14 16 | 16.0
Shields        | 4 5 7 9 11 13 | 13.7
Stealth        | |  0.9

Action                   |  1- 3 |  4- 6 |  7- 9 | 10-12 || total
-------------------------+-------+-------+-------+-------++-------
Melee: War axe           |   107 |    64 |    21 |   682 ||   874
       Headbutt          |     9 |    20 |    65 |   142 ||   236
       Broad axe         |       |    74 |   402 |       ||   476
Invok: Brothers in Arms  |       |       |       |     1 ||     1
  Use: Scroll            |       |       |     2 |    11 ||    13
       Potion            |       |       |     1 |     3 ||     4
  Eat: Chunk             |     2 |     8 |    10 |    13 ||    33
       Ration            |       |       |     1 |     1 ||     2
Armor: Scale mail        |    31 |       |       |       ||    31
       Chain mail        |    29 |   110 |   228 |   230 ||   597
       Skin              |       |       |       |     1 ||     1
Dodge: Dodged            |    24 |    42 |   122 |   149 ||   337
Block: Shield            |    66 |    71 |   212 |   367 ||   716

Table legend:
 A = Non-vault XP
 B = Vault XP
 C = Vault XP percentage of total XP
 D = Non-vault monster count
 E = Vault monster count
 F = Vault count percentage of total count
                 A         B        C        D         E       F
            +---------+---------+-------+---------+---------+-------
      Total |   15486 |    7559 |  32.8 |     257 |      43 |  14.3
            +---------+---------+-------+---------+---------+-------
        D:1 |      28 |       4 |  12.5 |      14 |       2 |  12.5
        D:2 |      29 |       0 |   0.0 |       9 |       0 |   0.0
        D:3 |     138 |      42 |  23.3 |      39 |       1 |   2.5
        D:4 |     234 |     121 |  34.1 |      11 |       8 |  42.1
        D:5 |     598 |       0 |   0.0 |      19 |       0 |   0.0
        D:6 |     804 |       0 |   0.0 |      10 |       0 |   0.0
        D:7 |     562 |       0 |   0.0 |      11 |       0 |   0.0
        D:8 |    1800 |     433 |  19.4 |      27 |       1 |   3.6
        D:9 |    1671 |       7 |   0.4 |      22 |       4 |  15.4
       D:10 |    3215 |    2058 |  39.0 |      42 |      10 |  19.2
       D:11 |    2916 |     215 |   6.9 |      22 |       1 |   4.3
       D:12 |    2998 |      91 |   2.9 |      25 |       5 |  16.7
       D:13 |     493 |    3917 |  88.8 |       6 |      10 |  62.5
     Bailey |       0 |     671 | 100.0 |       0 |       1 | 100.0
            +---------+---------+-------+---------+---------+-------
